 Dungeon Crawl Stone Soup version 0.27.1-34-g3ba077fa99 (webtiles) character file.

Game seed: 3427104802047351088

29 comborobin the Chopper (level 3, 0/31 HPs)
             Began as a Hill Orc Delver on Jan 6, 2022.
             Succumbed to a scorpion's poison
             ... on level 5 of the Dungeon.
             The game lasted 00:01:18 (866 turns).

comborobin the Chopper (Hill Orc Delver)             Turns: 866, Time: 00:01:19

Health: 0/31       AC:  6    Str: 15    XL:     3   Next: 16%
Magic:  3/3        EV:  9    Int: 10    God:
Gold:   9          SH:  0    Dex: 12    Spells: 2/2 levels left

rFire    . . .     SeeInvis .   e - +0 war axe
rCold    . . .     Faith    .   (no shield)
rNeg     . . .     Spirit   .   i - +0 scale mail
rPois    .         Reflect  .   (no helmet)
rElec    .         Harm     .   (no cloak)
rCorr    .         Rampage  .   (no gloves)
Will     .....                  (no boots)
Stlth    +.........             f - amulet of magic regeneration
HPRegen  0.10/turn              (no ring)
MPRegen  0.33/turn              (no ring)

@: lethally poisoned (0 -> -19)
A: no striking features
a: no special abilities


You were on level 5 of the Dungeon.
You visited 1 branch of the dungeon, and saw 2 of its levels.

You collected 9 gold pieces.

Inventory:

Hand Weapons
 a - a +0 hand axe
 e - a +0 war axe (weapon)
Armour
 b - a +0 leather armour
 i - a +0 scale mail (worn)
Magical Staves
 h - a staff of conjuration
Jewellery
 f - an amulet of magic regeneration (around neck)
Wands
 g - a wand of digging (3)
Scrolls
 c - a scroll of fog


   Skills:
 - Level 3.6 Fighting
 + Level 4.7 Axes
 - Level 1.5 Dodging
 - Level 4.1 Stealth


You had 2 spell levels left.
You didn't know any spells.
Your spell library was empty.

Dungeon Overview and Level Annotations

Branches:
Dungeon (6/15)
 Temple: D:4-7

Altars:
Elyvilon


Message History

You assume a fearsome visage.
The scorpion looks frightened!
You feel sick.
You feel sick.
You feel sick.
You feel sick.
You feel sick.
You are no longer poisoned.
Found a war axe.
You see here a +0 war axe.
e - a +0 war axe
e - a +0 war axe (weapon)
You start resting.
A scorpion is nearby!
Okay, then.
As you read the scroll of magic mapping, it crumbles to dust.
You feel aware of your surroundings.
You sensed 2 altars.
The scorpion stings you. The scorpion barely misses you.
The scorpion stings you but does no damage.
You closely miss the scorpion.
The scorpion stings you but does no damage. x2
You hit the scorpion but do no damage.
The scorpion stings you but does no damage.
You closely miss the scorpion.
The scorpion stings you but does no damage.
The scorpion barely misses you.
You slash the scorpion!
The scorpion is heavily wounded.
The scorpion stings you.
You are poisoned.
The scorpion poisons you!
You barely miss the scorpion.
The scorpion is heavily wounded.
You feel very sick. The scorpion closely misses you. The scorpion stings you!
* * * LOW HITPOINT WARNING * * *
You are more poisoned.
The scorpion poisons you!
You slash the scorpion!
You kill the scorpion!
You die...

#.# *,# #.##.# * #.# *,* #.##.# *
#.# *,##* #.##.## * #.#***##,#.#*
######.#...###**** ,,,,,,....#.#*
#..,,........,,,,,
,,,,,,.....#.###.#**#.#...#*****,
,,**###.##.##.##.####.##.#* *,
*** #....................# *,
#.#.##.##.##@######### *<
#.#..#.#.###†# *******
##.#.#...## #.#### *,*_*⌠*
####.......## #....#### **,*,*,*
>.......#### #.......#**,,,,,,,
......### #.##.....,*,,,,,,,
####.## ########.##.##.#,**,*,*,*
#.# #...........#*,#,******_*
#.####.######.##.#*,*,* ***


There were no monsters in sight!

Vanquished Creatures
  A scorpion (D:5)
  A bullfrog skeleton (D:5)
  An orc (D:5)
3 creatures vanquished.

Notes
Turn   | Place    | Note
-------+----------+-------------------------------------------
     0 | D:5      | comborobin the Hill Orc Delver began the quest for the Orb.
     0 | D:5      | Reached XP level 1. HP: 19/19 MP: 1/1
     1 | D:6      | Noticed a water moccasin zombie
    34 | D:6      | Found a white marble altar of Elyvilon.
    37 | D:6      | Noticed a necrophage
   135 | D:5      | Noticed an orc priest
   155 | D:6      | Noticed an ogre
   554 | D:5      | Reached XP level 2. HP: 10/26 MP: 2/2
   554 | D:5      | Reached XP level 3. HP: 12/31 MP: 3/3
   749 | D:5      | Noticed a scorpion
   866 | D:5      | Killed a scorpion
   866 | D:5      | Succumbed to a scorpion's poison

Illustrated notes

Levels and vault maps discovered:
D:5:      layout_loops_ring, minitemple, grunt_decor_junction
D:6:      layout_cave_pools, grunt_temple_overflow_holy_war,
          mainiacjoe_overflow_brackets, minmay_temple_entry_fiery,
          minmay_misc_feat_columns

Skill      XL: |  1 |
---------------+----+-----
Axes           | 4 |  4.7
Fighting       | |  3.6
Dodging        | |  1.5
Stealth        | |  4.1

Action                   || total
-------------------------++-------
Melee: Hand axe          ||    24
       War axe           ||     6
  Use: Potion            ||     1
       Scroll            ||     2
Armor: Scale mail        ||    12
       Leather armour    ||     3
Dodge: Dodged            ||    21
